 Dungeon Crawl Stone Soup version 0.30-a0-782-ge64f9170bb (webtiles) character file.

Game seed: 954944554810370450

92 vineage the Trooper (level 4, -4/29 HPs)
             Began as a Gargoyle Fighter on Feb 23, 2023.
             Killed from afar by an orc wizard (14 damage)
             ... with a puff of flame
             ... on level 3 of the Dungeon.
             The game lasted 00:01:31 (1652 turns).

vineage the Trooper (Gargoyle Fighter)              Turns: 1652, Time: 00:01:31

Health: -4/29      AC: 11    Str: 21    XL:     4   Next: 60%
Magic:  4/4        EV:  9    Int:  9    God:
Gold:   189        SH:  4    Dex:  9    Spells: 3/3 levels left

rFire   . . .      SeeInvis .    a - +0 flail
rCold   . . .      Faith    .    c - +0 buckler
rNeg    + . .      Spirit   .    b - +0 scale mail
rPois   ∞          Reflect  .    k - +1 hat
rElec   +          Harm     .    (no cloak)
rCorr   .          Rampage  .    (no gloves)
Will    .....                    (no boots) Stlth
                                 (no amulet)
HPRegen 0.24/turn                i - ring of flight
MPRegen 0.09/turn                (no ring)

@: flying
A: sickness immunity, AC +3, negative energy resistance 1, electricity
resistance, torment resistance 1, petrification resistance
a: no special abilities


You were on level 3 of the Dungeon.
You visited 1 branch of the dungeon, and saw 3 of its levels.

You collected 189 gold pieces.

Inventory:

Hand Weapons
 a - a +0 flail (weapon)
Armour
 b - a +0 scale mail (worn)
 c - a +0 buckler (worn)
 k - a +1 hat (worn)
Jewellery
 f - the ring of Polytheism {rN+ Will- SInv Stlth+}
   (You found it on level 2 of the Dungeon)

   [ring of positive energy]

   rN:        It protects you from negative energy.
   SInv:      It lets you see invisible.
   Will:      It decreases your willpower.
   Stlth:     It makes you more stealthy.
 i - a ring of flight (left hand)
Scrolls
 h - a scroll of fear
 j - a scroll of teleportation
Potions
 d - a potion of might
 e - a potion of ambrosia {unknown}
 g - a potion of brilliance {unknown}
 l - a potion of curing {unknown}


   Skills:
 + Level 4.0 Fighting
 + Level 2.9 Maces & Flails
 + Level 4.0 Armour
 + Level 4.0 Shields


You had 3 spell levels left.
You didn't know any spells.
Your spell library contained the following spells:

 Spells                   Type           Power      Damage    Failure   Level
 Sandblast                Erth           0%         2d4       80%         1
 Passwall                 Tmut/Erth      0%         N/A       91%         2
 Stone Arrow              Conj/Erth      0%         3d7       99%         3


Dungeon Overview and Level Annotations

Branches:
Dungeon (3/15)

Altars:


Innate Abilities, Weirdness & Mutations

You are immune to sickness and miasma.
Your stone body is resilient. (AC +3)
You are immune to poison.
You resist negative energy. (rN+)
You are resistant to electric shocks. (rElec)
You are resistant to unholy torment.
You are immune to petrification.


Message History

You hit the shadow imp.
The shadow imp is severely wounded.
The shadow imp gestures at you. Pain shoots through your body!
The shadow imp hits you.
You are too injured to fight recklessly!
You are too injured to fight recklessly!
You are too injured to fight recklessly!
You are too injured to fight recklessly!
You are too injured to fight recklessly!
You are too injured to fight recklessly!
You are too injured to fight recklessly!
You are too injured to fight recklessly!
You are too injured to fight recklessly!
You are too injured to fight recklessly!
You are too injured to fight recklessly!
You are too injured to fight recklessly!
You are too injured to fight recklessly!
You are too injured to fight recklessly!
You are too injured to fight recklessly!
You are too injured to fight recklessly!
You are too injured to fight recklessly!
You barely miss the shadow imp.
The shadow imp is severely wounded.
You block the shadow imp's attack.
You sock the shadow imp!
You kill the shadow imp!
Your Shields skill increases to level 4!
You closely miss the orc wizard. The orc wizard closely misses you.
You block the orc wizard's attack.
You miss the orc wizard. The orc wizard casts a spell at you.
The magic dart hits you.
You closely miss the orc wizard.
The orc wizard hits you with a +0 dagger.
You hit the orc wizard.
The orc wizard is heavily wounded.
The orc wizard closely misses you.
The orc wizard points at you and mumbles some strange words.
The puff of flame hits you!
You die...

##...#..........
#......#.######
........#.#.#
##.##.......###
#.###........# #
......###.#
##..### #.#
.######..#####.#
..>.........o@.#
..#####.########
#.#####.##
#...5.5o.#
............#
...####..##.# ##
...# # .....
##...##


You could see an orc wizard.

Vanquished Creatures
  4 adders
  A shadow imp (D:3)
  A worm (D:2)
  A dart slug (D:1)
  2 orcs (D:3)
  3 ball pythons
  4 endoplasms
  A giant cockroach (D:2)
  4 goblins (D:1)
  2 hobgoblins (D:1)
  5 bats
  12 frilled lizards
  A kobold (D:1)
  5 rats
46 creatures vanquished.

Vanquished Creatures (others)
  3 plants (D:2)
3 creatures vanquished.

Grand Total: 49 creatures vanquished

Notes
Turn   | Place    | Note
-------+----------+-------------------------------------------
     0 | D:1      | vineage the Gargoyle Fighter began the quest for the Orb.
     0 | D:1      | Reached XP level 1. HP: 14/14 MP: 1/1
   143 | D:1      | Reached XP level 2. HP: 19/19 MP: 2/2
   641 | D:2      | Found a faded altar of an unknown god.
   655 | D:2      | Reached XP level 3. HP: 21/24 MP: 3/3
   907 | D:2      | Identified the ring of Polytheism {rN+ Will- SInv Stlth+}
  1081 | D:2      | Reached XP level 4. HP: 29/29 MP: 4/4
  1652 | D:3      | Killed from afar by an orc wizard

Illustrated notes

Levels and vault maps discovered:
D:1:      evilmike_arrival_plus, layout_basic, minmay_octomino_e4
D:2:      layout_loops_ring, nicolae_ecumenical_pavilion, corexii_corridor_pit,
          minmay_lizard_king
D:3:      minmay_recursive_quarters, layout_loops_corners,
          mainiacjoe_overflow_alcove_1, hangedman_decor_opposing, uniq_natasha

Skill      XL: |  1  2  3  4 |
---------------+-------------+-----
Fighting       | 4 |  4.0
Armour         | 4 |  4.0
Shields        | 4 |  4.0
Maces & Flails | |  2.9

Action                     |  1- 3 |  4- 6 || total
---------------------------+-------+-------++-------
  Melee: Flail             |    98 |    65 ||   163
    Use: Scroll            |     5 |       ||     5
 Armour: Scale mail        |    66 |    32 ||    98
  Dodge: Dodged            |    59 |    24 ||    83
  Block: Buckler           |    25 |    14 ||    39

Table legend: (Time is in decaauts)
 A = Elapsed time spent in this place.
 B = Non-inter-level travel time spent in this place.
 C = Inter-level travel time spent in this place.
 D = Time resting spent in this place.
 E = Time spent auto-exploring this place.
 F = Levels seen in this place.
 G = Mean time per level.
                   A        B        C        D        E       F      G
               +--------+--------+--------+--------+--------+-----+--------+
         Total |   1701 |   1664 |     37 |    142 |   1154 |   3 |  567.0 |
       Dungeon |   1701 |   1664 |     37 |    142 |   1154 |   3 |  567.0 |
               +--------+--------+--------+--------+--------+-----+--------+

Top non-repeatable levels by time:
     D:2: 878 daAuts
     D:1: 655 daAuts
     D:3: 167 daAuts
